TOP OF THE 1ST |
Echo Park Lakers batting - Pitching for Kingston Township Knights : RHP Zebulon Vermillion
|
Pitching: RHP Zebulon Vermillion
|
|
Batting: LHB Wu-shun Chu
|
0-0: Ball 1-0: Ball 2-0: Called Strike 2-1: Called Strike 2-2: Ground out 4-3 (Groundball, 4, EV 94.4 MPH)
|
Batting: RHB Kyu-cheol Kye
|
0-0: Ball 1-0: SINGLE (Line Drive, 7LS, EV 91.9 MPH)
|
Batting: LHB Tomás Muinos
|
0-0: Ball 1-0: Ball 2-0: Ball 3-0: Called Strike 3-1: Foul Ball, location: 2F 3-2: SINGLE (Groundball, 34D, EV 95.6 MPH) Kyu-cheol Kye to second Runner from 2nd tries for 3rd, SAFE, no throw by RF
|
Batting: RHB Mario Castillo
|
0-0: Ball 1-0: Foul Ball, location: 2F 1-1: Foul Ball, location: 2F 1-2: Ball 2-2: Fly out, F4 (Popup, 4D, EV 56.9 MPH)
|
Batting: LHB Rich Watkins
|
0-0: Called Strike 0-1: Foul Ball, location: 2F 0-2: Ball 1-2: Ball 2-2: Ball 3-2: Fly out, F8 (Flyball, 78M, EV 90.6 MPH)
|
Top of the 1st over - 0 runs, 2 hits, 0 errors, 2 left on base; Echo Park 0 - Kingston Township 0 |
BOTTOM OF THE 1ST |
Kingston Township Knights batting - Pitching for Echo Park Lakers : RHP Mark Collingwood
|
Pitching: RHP Mark Collingwood
|
|
Batting: RHB Khal Drogo
|
0-0: Ball 1-0: Foul Ball, location: 2F 1-1: Ground out 5-3 (Groundball, 56, EV 103.8 MPH)
|
Batting: RHB Daniel Maldonado
|
0-0: Called Strike 0-1: SINGLE (Groundball, 6MD, EV 97.5 MPH)
|
Batting: RHB Takenao Wakabayashi
|
0-0: Called Strike Daniel Maldonado steals 2nd base 0-1: Fly out, F3 (Popup, 3F, EV 61.2 MPH)
|
Batting: RHB Seong-ho Chong
|
0-0: Called Strike 0-1: Called Strike 0-2: Foul Ball, location: 2F 0-2: Ground out 4-3 (Groundball, 4M, EV 86.9 MPH)
|
Bottom of the 1st over - 0 runs, 1 hit, 0 errors, 1 left on base; Echo Park 0 - Kingston Township 0 |
TOP OF THE 2ND |
Echo Park Lakers batting - Pitching for Kingston Township Knights : RHP Zebulon Vermillion
|
Batting: RHB Ryoma Yamamoto
|
0-0: Ground out 4-3 (Groundball, 4MD, EV 101.9 MPH)
|
Batting: RHB Komotay Koffie
|
0-0: Swinging Strike 0-1: Ball 1-1: Foul Ball, location: 2F 1-2: Fly out, F9 (Line Drive, 9, EV 90.0 MPH)
|
Batting: RHB Phil Gillespie
|
0-0: Called Strike 0-1: Called Strike 0-2: Ball 1-2: Strikes out swinging
|
Top of the 2nd over - 0 runs, 0 hits, 0 errors, 0 left on base; Echo Park 0 - Kingston Township 0 |
BOTTOM OF THE 2ND |
Kingston Township Knights batting - Pitching for Echo Park Lakers : RHP Mark Collingwood
|
Batting: RHB Scott Robertson
|
0-0: Fly out, F9 (Line Drive, 9D, EV 89.4 MPH)
|
Batting: RHB Alfredo Cardenas
|
0-0: Called Strike 0-1: SOLO HOME RUN (Flyball, 7LD, EV 113.1 MPH), Distance : 370 ft
|
Batting: LHB Tony Goodwin
|
0-0: Ball 1-0: Called Strike 1-1: Called Strike 1-2: Ground out 6-3 (Groundball, 56D, EV 85.6 MPH)
|
Batting: RHB Zack McLean
|
0-0: Called Strike 0-1: Ground out 1-3 (Groundball, 13, EV 85.0 MPH)
|
Bottom of the 2nd over - 1 run, 1 hit, 0 errors, 0 left on base; Echo Park 0 - Kingston Township 1 |
TOP OF THE 3RD |
Echo Park Lakers batting - Pitching for Kingston Township Knights : RHP Zebulon Vermillion
|
Batting: RHB Felipe Campos
|
0-0: Ball 1-0: Ball 2-0: Ball 3-0: Called Strike 3-1: Foul Ball, location: 2F 3-2: DOUBLE (Line Drive, 9LS, EV 101.9 MPH)
|
Batting: LHB Wu-shun Chu
|
0-0: Called Strike 0-1: Ball 1-1: Swinging Strike 1-2: Ball 2-2: Fly out, F8 (Flyball, 89D, EV 101.2 MPH) Runner from 2nd tags up, SAFE at 3rd, no throw by CF
|
Batting: RHB Kyu-cheol Kye
|
0-0: Ground out 5-3 (Groundball, 56S, EV 89.4 MPH) Felipe Campos scores
|
Batting: LHB Tomás Muinos
|
0-0: Ball 1-0: Foul Ball, location: 2F 1-1: Ball 2-1: Foul Ball, location: 2F 2-2: Fly out, F8 (Flyball, 8LM, EV 73.1 MPH)
|
Top of the 3rd over - 1 run, 1 hit, 0 errors, 0 left on base; Echo Park 1 - Kingston Township 1 |
BOTTOM OF THE 3RD |
Kingston Township Knights batting - Pitching for Echo Park Lakers : RHP Mark Collingwood
|
Batting: RHB Glenn Curtis
|
0-0: Called Strike 0-1: Fly out, F9 (Line Drive, 9, EV 89.4 MPH)
|
Batting: RHB Khal Drogo
|
0-0: Called Strike 0-1: Foul Ball, location: 2F 0-2: Ball 1-2: Strikes out swinging
|
Batting: RHB Daniel Maldonado
|
0-0: Foul Ball, location: 2F 0-1: Swinging Strike 0-2: Foul Ball, location: 2F 0-2: Ball 1-2: Ball 2-2: Ball 3-2: Fly out, F5 (Popup, 25F, EV 82.5 MPH)
|
Bottom of the 3rd over - 0 runs, 0 hits, 0 errors, 0 left on base; Echo Park 1 - Kingston Township 1 |
TOP OF THE 4TH |
Echo Park Lakers batting - Pitching for Kingston Township Knights : RHP Zebulon Vermillion
|
Batting: RHB Mario Castillo
|
0-0: Ball 1-0: Swinging Strike 1-1: Ground out 5-3 (Groundball, 5S, EV 66.9 MPH)
|
Batting: LHB Rich Watkins
|
0-0: Called Strike 0-1: Called Strike 0-2: Ball 1-2: Ground out 1-3 (Groundball, P, EV 86.2 MPH)
|
Batting: RHB Ryoma Yamamoto
|
0-0: Called Strike 0-1: Foul Ball, location: 2F 0-2: Ball 1-2: Ball 2-2: Fly out, F8 (Flyball, 8RXD, EV 101.2 MPH)
|
Top of the 4th over - 0 runs, 0 hits, 0 errors, 0 left on base; Echo Park 1 - Kingston Township 1 |
BOTTOM OF THE 4TH |
Kingston Township Knights batting - Pitching for Echo Park Lakers : RHP Mark Collingwood
|
Batting: RHB Takenao Wakabayashi
|
0-0: Called Strike 0-1: DOUBLE (Line Drive, 9LM, EV 95.6 MPH)
|
Batting: RHB Seong-ho Chong
|
0-0: Fly out, F8 (Line Drive, 8RM, EV 96.2 MPH) Runner from 2nd tags up, SAFE at 3rd with throw by CF
|
Batting: RHB Scott Robertson
|
0-0: Called Strike 0-1: Ground out 3-1 (Groundball, 34, EV 82.5 MPH) Takenao Wakabayashi scores
|
Batting: RHB Alfredo Cardenas
|
0-0: Called Strike 0-1: Called Strike 0-2: Ball 1-2: Foul Ball, location: 2F 1-2: Strikes out swinging
|
Bottom of the 4th over - 1 run, 1 hit, 0 errors, 0 left on base; Echo Park 1 - Kingston Township 2 |
TOP OF THE 5TH |
Echo Park Lakers batting - Pitching for Kingston Township Knights : RHP Zebulon Vermillion
|
Batting: RHB Komotay Koffie
|
0-0: Ball 1-0: Ball 2-0: Ball 3-0: Foul Ball, location: 2F 3-1: Foul Ball, location: 2F 3-2: Hit by Pitch
|
Batting: RHB Phil Gillespie
|
0-0: Bunted foul 0-1: Bunted foul 0-2: Ball 1-2: Foul Ball, location: 2F 1-2: Ball 2-2: SINGLE (Groundball, 6MD, EV 101.9 MPH) Komotay Koffie to second Runner from 2nd tries for 3rd, SAFE, throw by CF made to third
|
Batting: RHB Felipe Campos
|
0-0: Ball 1-0: Ball 2-0: Called Strike 2-1: Ball 3-1: Foul Ball, location: 2F 3-2: Strikes out looking
|
Batting: LHB Wu-shun Chu
|
0-0: Foul Ball, location: 2F 0-1: Called Strike 0-2: Ball 1-2: Ball 2-2: Strikes out swinging
|
Batting: RHB Kyu-cheol Kye
|
0-0: Foul Ball, location: 2F 0-1: Called Strike 0-2: SINGLE (Flyball, 9LS, EV 99.4 MPH) Komotay Koffie scores Phil Gillespie to second Runner from 2nd tries for 3rd, SAFE, throw by RF made to third
|
Batting: LHB Tomás Muinos
|
0-0: Ball 1-0: Swinging Strike 1-1: Ball 2-1: Ball 3-1: SINGLE (Flyball, 7S, EV 91.9 MPH) Phil Gillespie scores Kyu-cheol Kye to second
|
Batting: RHB Mario Castillo
|
0-0: Called Strike 0-1: Ball 1-1: Swinging Strike 1-2: Foul Ball, location: 2F 1-2: SINGLE (Line Drive, 89S, EV 107.5 MPH) Kyu-cheol Kye to third Tomás Muinos to second Runner from 3rd tries for Home, SAFE, no throw by CF
|
Batting: LHB Rich Watkins
|
0-0: Called Strike 0-1: Ball 1-1: Ball 2-1: Swinging Strike 2-2: Fly out, F8 (Line Drive, 8RD, EV 83.1 MPH)
|
Top of the 5th over - 3 runs, 4 hits, 0 errors, 2 left on base; Echo Park 4 - Kingston Township 2 |
BOTTOM OF THE 5TH |
Kingston Township Knights batting - Pitching for Echo Park Lakers : RHP Mark Collingwood
|
Batting: LHB Tony Goodwin
|
0-0: Foul Ball, location: 2F 0-1: Foul Ball, location: 2F 0-2: Fly out, F8 (Line Drive, 8LD, EV 90.0 MPH)
|
Batting: RHB Zack McLean
|
0-0: Called Strike 0-1: Foul Ball, location: 2F 0-2: Foul Ball, location: 2F 0-2: Ball 1-2: Ball 2-2: Foul Ball, location: 2F 2-2: Strikes out swinging
|
Batting: RHB Glenn Curtis
|
0-0: Foul Ball, location: 2F 0-1: Ball 1-1: Swinging Strike 1-2: Foul Ball, location: 2F 1-2: Fly out, F6 (Popup, 6S, EV 63.1 MPH)
|
Bottom of the 5th over - 0 runs, 0 hits, 0 errors, 0 left on base; Echo Park 4 - Kingston Township 2 |
TOP OF THE 6TH |
Echo Park Lakers batting - Pitching for Kingston Township Knights : RHP Zebulon Vermillion
|
Batting: RHB Ryoma Yamamoto
|
0-0: Called Strike 0-1: Called Strike 0-2: Ground out 6-3 (Groundball, 6, EV 84.4 MPH)
|
Batting: RHB Komotay Koffie
|
0-0: Ball 1-0: Fly out, F8 (Flyball, 8RD, EV 102.5 MPH)
|
Batting: RHB Phil Gillespie
|
0-0: Called Strike 0-1: Ball 1-1: Ball 2-1: Ball 3-1: Base on Balls
|
Batting: RHB Felipe Campos
|
0-0: Ball 1-0: Ball 2-0: Ball 3-0: Base on Balls Phil Gillespie to second
|
Batting: LHB Wu-shun Chu
|
0-0: Foul Ball, location: 2F 0-1: Swinging Strike 0-2: Strikes out swinging
|
Top of the 6th over - 0 runs, 0 hits, 0 errors, 2 left on base; Echo Park 4 - Kingston Township 2 |
BOTTOM OF THE 6TH |
Kingston Township Knights batting - Pitching for Echo Park Lakers : RHP Mark Collingwood
|
Batting: RHB Khal Drogo
|
0-0: Ball 1-0: Ball 2-0: Ball 3-0: Called Strike 3-1: Base on Balls
|
Batting: RHB Daniel Maldonado
|
0-0: SINGLE (Groundball, 34, EV 96.2 MPH) Khal Drogo to second Runner from 2nd tries for 3rd, SAFE, no throw by RF
|
Batting: RHB Takenao Wakabayashi
|
0-0: Ball 1-0: Ball Daniel Maldonado steals 2nd base 2-0: Ball 3-0: Called Strike 3-1: Swinging Strike 3-2: Base on Balls
|
Batting: RHB Seong-ho Chong
|
0-0: SINGLE (Line Drive, 5D, EV 106.9 MPH) Khal Drogo scores Daniel Maldonado to third Takenao Wakabayashi to second Runner from 3rd tries for Home, SAFE, no throw by LF
|
Batting: RHB Scott Robertson
|
0-0: Grounds into double play, 6-4-3 (Groundball, 6D, EV 95.0 MPH) Takenao Wakabayashi to third
|
Batting: RHB Alfredo Cardenas
|
0-0: Called Strike 0-1: Ball 1-1: Reached on error, E1 (Groundball, P, EV 90.6 MPH) Takenao Wakabayashi scores
|
Batting: LHB Tony Goodwin
|
0-0: Ball 1-0: Called Strike 1-1: Foul Ball, location: 2F 1-2: Fielders Choice at 2nd, 6-4 (Groundball, 6, EV 89.4 MPH)
|
Bottom of the 6th over - 3 runs, 2 hits, 1 error, 1 left on base; Echo Park 4 - Kingston Township 5 |
TOP OF THE 7TH |
Echo Park Lakers batting - Pitching for Kingston Township Knights : RHP Zebulon Vermillion
|
Batting: RHB Kyu-cheol Kye
|
0-0: Ball 1-0: Foul Ball, location: 2F 1-1: Ball 2-1: Foul Ball, location: 2F 2-2: Ball 3-2: Base on Balls
|
Pitching: LHP Ebby Calvin LaLoosh
|
|
Batting: LHB Tomás Muinos
|
0-0: Ball 1-0: Called Strike 1-1: Ball 2-1: Foul Ball, location: 2F 2-2: Ball 3-2: Strikes out swinging
|
Batting: RHB Mario Castillo
|
0-0: Called Strike 0-1: Called Strike 0-2: Ball 1-2: Foul Ball, location: 2F 1-2: Foul Ball, location: 2F 1-2: Foul Ball, location: 2F 1-2: Foul Ball, location: 2F 1-2: Ball 2-2: Ball Kyu-cheol Kye steals 2nd base 3-2: Base on Balls
|
Pinch Hitting: SHB Toby Sutton
|
0-0: Ball Mario Castillo steals 2nd base Kyu-cheol Kye steals 3rd base 1-0: Called Strike 1-1: Ball 2-1: Ground out 5-3 (Groundball, 56S, EV 72.5 MPH)
|
Batting: RHB Ryoma Yamamoto
|
0-0: Ball 1-0: Ground out 1-3 (Groundball, 13, EV 70.6 MPH)
|
Top of the 7th over - 0 runs, 0 hits, 0 errors, 2 left on base; Echo Park 4 - Kingston Township 5 |
BOTTOM OF THE 7TH |
Kingston Township Knights batting - Pitching for Echo Park Lakers : RHP Mark Collingwood
|
Pitching: LHP Francisco Rivas
|
|
Now in RF: Toby Sutton
|
|
Batting: RHB Zack McLean
|
0-0: Swinging Strike 0-1: Called Strike 0-2: Strikes out swinging
|
Batting: RHB Glenn Curtis
|
0-0: Ball 1-0: Ball 2-0: Ball 3-0: Base on Balls
|
Batting: RHB Khal Drogo
|
0-0: Fielders Choice at 2nd, 6-4 (Groundball, 6, EV 107.5 MPH)
|
Batting: RHB Daniel Maldonado
|
0-0: Ball 1-0: Called Strike 1-1: Ball 2-1: Ball 3-1: Called Strike 3-2: Ground out 4-3 (Groundball, 34, EV 106.2 MPH)
|
Bottom of the 7th over - 0 runs, 0 hits, 0 errors, 1 left on base; Echo Park 4 - Kingston Township 5 |
TOP OF THE 8TH |
Echo Park Lakers batting - Pitching for Kingston Township Knights : LHP Ebby Calvin LaLoosh
|
Batting: RHB Komotay Koffie
|
0-0: Called Strike 0-1: Ball 1-1: Swinging Strike 1-2: Foul Ball, location: 2F 1-2: Foul Ball, location: 2F 1-2: Foul Ball, location: 2F 1-2: Foul Ball, location: 2F 1-2: Foul Ball, location: 2F 1-2: Strikes out swinging
|
Batting: RHB Phil Gillespie
|
0-0: SINGLE (Line Drive, 78M, EV 97.5 MPH)
|
Pitching: RHP Jack Salt
|
|
Batting: RHB Felipe Campos
|
0-0: Called Strike 0-1: SINGLE (Line Drive, 7S, EV 98.1 MPH) Phil Gillespie to second
|
Batting: LHB Wu-shun Chu
|
0-0: Fielders Choice at 2nd, 4-6 (Groundball, 4, EV 80.6 MPH) Phil Gillespie to third
|
Batting: RHB Kyu-cheol Kye
|
0-0: Ball 1-0: Foul Ball, location: 2F 1-1: Ball Wu-shun Chu steals 2nd base (no throw) 2-1: Ground out U3 (Groundball, 34, EV 79.4 MPH)
|
Top of the 8th over - 0 runs, 2 hits, 0 errors, 2 left on base; Echo Park 4 - Kingston Township 5 |
BOTTOM OF THE 8TH |
Kingston Township Knights batting - Pitching for Echo Park Lakers : LHP Francisco Rivas
|
Batting: RHB Takenao Wakabayashi
|
0-0: Fly out, F9 (Line Drive, 9, EV 86.2 MPH)
|
Batting: RHB Seong-ho Chong
|
0-0: Ball 1-0: SOLO HOME RUN (Flyball, 7D, EV 103.1 MPH), Distance : 403 ft
|
Batting: RHB Scott Robertson
|
0-0: Ball 1-0: Ground out 4-3 (Groundball, 4, EV 105.0 MPH)
|
Batting: RHB Alfredo Cardenas
|
0-0: Foul Ball, location: 2F 0-1: Ball 1-1: Foul Ball, location: 2F 1-2: Foul Ball, location: 2F 1-2: Fly out, F4 (Popup, 4MD, EV 63.8 MPH)
|
Bottom of the 8th over - 1 run, 1 hit, 0 errors, 0 left on base; Echo Park 4 - Kingston Township 6 |
TOP OF THE 9TH |
Echo Park Lakers batting - Pitching for Kingston Township Knights : RHP Jack Salt
|
Pitching: RHP John Riggleman
|
|
Batting: LHB Tomás Muinos
|
0-0: Fly out, F2 (Popup, 25F, EV 87.5 MPH)
|
Batting: RHB Mario Castillo
|
0-0: Ball 1-0: Called Strike 1-1: Swinging Strike 1-2: Ball 2-2: Ball 3-2: Foul Ball, location: 2F 3-2: Foul Ball, location: 2F 3-2: Foul Ball, location: 2F 3-2: Base on Balls
|
Batting: SHB Toby Sutton
|
0-0: Ball 1-0: Ball 2-0: Foul Ball, location: 2F 2-1: Swinging Strike 2-2: Foul Ball, location: 2F 2-2: Foul Ball, location: 2F 2-2: Foul Ball, location: 2F 2-2: Ball 3-2: SINGLE (Flyball, 89S, EV 93.8 MPH) Mario Castillo to second
|
Batting: RHB Ryoma Yamamoto
|
0-0: Called Strike 0-1: Ball 1-1: Called Strike 1-2: Ball 2-2: Grounds into double play, 5-4-3 (Groundball, 56S, EV 83.8 MPH)
|
Top of the 9th over - 0 runs, 1 hit, 0 errors, 1 left on base; Echo Park 4 - Kingston Township 6 |
|